AoeStats
← MatzeAoE

Black Forest

505487946Analyzed
1v1 RM · 22d ago on Sep 9, 2026· 27m 54s· 2 players
Game mode
Random Map
Map size
Tiny (2 player)
Population
200
Speed
Normal
Resources
Standard
Victory
Conquest
Starting age
Dark Age
Ending age
Imperial Age
RankedLock teamsTeams togetherTeam positionsShared explorationLock speedFull tech treeHidden civsTurbo modeCheats
Victory
Defeat
🇩🇪 Khmer · Germany
2091
+16
🇩🇰 Jurchens · Denmark
2100
-16
MatzeAoE
4:48 Loom
12:01 Feudal Age
12:32 Double-Bit Axe
14:22 Fishing Lines
15:32 Town Watch
21:26 Castle Age
21:58 Gillnets
22:24 Bow Saw
22:01 Light Cavalry
22:55 Bloodlines
23:54 Scale Barding Armor
24:19 Forging
24:50 Gold Mining
25:02 Husbandry
26:14 Chain Barding Armor
27:11 Iron Casting
streetpete
0:35 Loom
12:51 Feudal Age
13:43 Double-Bit Axe
16:37 Castle Age
16:06 Town Watch
19:34 Fishing Lines
21:23 Wheelbarrow
21:23 Stone Mining
22:45 Horse Collar
25:02 Fletching
25:55 Bow Saw
27:17 Fletching
27:57 Scale Barding Armor
Connection lost

Rejoining the realm…

Still unreachable

The connection could not be restored.

Session expired

The server has moved on; the page needs a fresh start.